 Dungeon Crawl Stone Soup version 0.21-a0-509-gecc5317 (webtiles) character file.

2 Gwenloh the Sneak (level 1, -2/15 HPs)
             Began as a Naga Fire Elementalist on Nov 29, 2017.
             Slain by a gnoll
             ... wielding a +0 whip
              (8 damage)
             ... on level 1 of the Dungeon.
             The game lasted 00:01:09 (44 turns).

Gwenloh the Sneak (Naga Fire Elementalist)            Turns: 44, Time: 00:01:10

Health: -2/15      AC:  1    Str: 10    XL:     1   Next: 40%
Magic:  1/3        EV: 10    Int: 15    God:
Gold:   13         SH:  0    Dex: 11    Spells: 3/4 levels left

rFire    . . .     SeeInvis +   (no weapon)
rCold    . . .     Gourm    .   (no shield)
rNeg     . . .     Faith    .   a - +0 robe
rPois    +         Spirit   .   (no helmet)
rElec    .         Reflect  .   (no cloak)
rCorr    .         Harm     .   (no gloves)
MR       .....                  (no barding)
Stlth    ++........             (no amulet)
HPRegen  0.05/turn              (no ring)
MPRegen  0.08/turn              (no ring)

@: very slow
A: large, see invisible, deformed body, poison resistance, slowness 2, slow
metabolism 1, spit poison 1, AC +0
a: Spit Poison


You were on level 1 of the Dungeon.
You were not hungry.

You visited 1 branch of the dungeon, and saw 1 of its levels.

You collected 13 gold pieces.

Inventory:

Armour
 a - a +0 robe (worn)
Scrolls
 d - a scroll of teleportation {unknown}
Books
 b - a book of Flames

   Spells                             Type                      Level
   a - Flame Tongue                   Conjuration/Fire             1
   b - Throw Flame                    Conjuration/Fire             2
   c - Conjure Flame                  Conjuration/Fire             3
   d - Inner Flame                    Hexes/Fire                   3
   e - Sticky Flame                   Conjuration/Fire             4
   f - Fireball                       Conjuration/Fire             5
Comestibles
 c - a bread ration


   Skills:
 - Level 1.5 Dodging
 - Level 3.0 Stealth
 + Level 2.0 Spellcasting
 + Level 1.1 Conjurations
 + Level 3.0 Fire Magic


You had 3 spell levels left.
You knew the following spells:

 Your Spells              Type           Power        Failure   Level  Hunger
a - Flame Tongue          Conj/Fire      #....        10%         1    #......


Dungeon Overview and Level Annotations

Branches:
Dungeon (1/15)

Altars:


Innate Abilities, Weirdness & Mutations

You cannot wear boots.
Your serpentine skin is tough. (AC +0)
You have supernaturally acute eyesight. (SInv)
Armour fits poorly on your strangely shaped body.
Your system is resistant to poisons. (rPois)
You cover ground very slowly.
You have a slow metabolism.
You can spit poison.


Message History

Aim: a gnoll, wielding a whip (lightly wounded)
The flame tongue hits the gnoll.
The gnoll is moderately wounded.
The gnoll closely misses you.
Casting: Flame Tongue
Confirm with . or Enter, or press ? or * to list all spells.
Aiming: Flame Tongue
Press: ? - help, Shift-Dir - straight line, f/p - gnoll
Aim: a gnoll, wielding a whip (moderately wounded)
The flame tongue hits the gnoll.
The gnoll is severely wounded.
The gnoll barely misses you. The gnoll closely misses you.
The gnoll barely misses you. The gnoll barely misses you.
A kobold comes into view.
The kobold shouts!
The goblin barely misses you. The gnoll hits you with a whip!
Ouch! That really hurt!
You die...

. ########## #J
........# #..#######..#
# ##..#.....#..## #.#
#...#..<..#.... ...
#.#.#.....#..#####.##..
# #.#.....#...........%
##.#.##'''##)..g@......#
...............g....#..#
#.....................#
####.#.####...........#
#.#.####.K##........ #
#.................
#..####...#.#.....
#........%#.#.....
#.###.......#


You could see a gnoll, a goblin and a kobold.

Vanquished Creatures
  A goblin (D:1)
  A kobold (D:1)
2 creatures vanquished.

Notes
Turn   | Place    | Note
-------+----------+-------------------------------------------
     0 | D:1      | Gwenloh the Naga Fire Elementalist began the quest for the Orb.
     0 | D:1      | Reached XP level 1. HP: 15/15 MP: 3/3
    44 | D:1      | Slain by a gnoll

Vault maps used:
D:1:      dpeg_arrival_windows_large_door, doesnt_xom_only_xom

Action                   || total
-------------------------++-------
 Cast: Flame Tongue      ||     5
Dodge: Dodged            ||     7

Table legend:
 A = Spawn XP
 B = Non-spawn XP
 C = Spawn XP percentage of total XP
 D = Spawn monster count
 E = Non-spawn monster count
 F = Spawn count percentage of total count
 G = Total turns spent on level
                    A         B        C        D         E        F      G
               +---------+---------+-------+---------+---------+-------+---------
         Total |       0 |       4 |   0.0 |       0 |       2 |   0.0 |    44
               +---------+---------+-------+---------+---------+-------+---------
           D:1 |       0 |       4 |   0.0 |       0 |       2 |   0.0 |    44
               +---------+---------+-------+---------+---------+-------+---------
